 Dungeon Crawl Stone Soup version 0.23-a0-481-g60b89c1 (webtiles) character file.

46 Lavandula the Magician (level 3, -1/28 HPs)
             Began as a Naga Air Elementalist on Nov 29, 2018.
             Slain by a hound (3 damage)
             ... on level 4 of the Dungeon.
             The game lasted 00:03:27 (573 turns).

Lavandula the Magician (Naga Air Elementalist)       Turns: 573, Time: 00:03:28

Health: -1/28      AC:  2    Str: 10    XL:     3   Next: 66%
Magic:  1/8        EV: 10    Int: 16    God:
Gold:   27         SH:  0    Dex: 11    Spells: 6/9 levels left

rFire    . . .     SeeInvis +   f - +2 flail (protect)
rCold    . . .     Gourm    .   (no shield)
rNeg     . . .     Faith    .   a - +0 robe
rPois    +         Spirit   .   (no helmet)
rElec    .         Reflect  .   (no cloak)
rCorr    .         Harm     .   (no gloves)
MR       .....                  (no barding)
Stlth    ++........             g - amulet of inaccuracy (curse)
HPRegen  0.09/turn              b - +3 ring of slaying
MPRegen  0.11/turn              (no ring)

@: short of breath, very slow
A: large, see invisible, deformed body, poison resistance, slowness 2, slow
metabolism 1, spit poison 1, AC +1
a: Spit Poison


You were on level 4 of the Dungeon.
You were not hungry.

You visited 1 branch of the dungeon, and saw 5 of its levels.

You collected 27 gold pieces.

Inventory:

Hand Weapons
 f - a +2 flail of protection (weapon)
Armour
 a - a +0 robe (worn)
Jewellery
 b - a +3 ring of slaying (left hand)
 g - a cursed amulet of inaccuracy (around neck)
Comestibles
 c - 2 rations


   Skills:
 - Level 1.5 Dodging
 - Level 3.0 Stealth
 + Level 3.6 Spellcasting
 - Level 1.0 Conjurations
 - Level 3.0 Air Magic


You had 6 spell levels left.
You knew the following spells:

 Your Spells              Type           Power        Failure   Level  Hunger
a - Shock                 Conj/Air       #...         8%          1    None
b - Swiftness             Chrm/Air       #.......     14%         2    ##.....

Your spell library contained the following spells:

 Spells                   Type           Power        Failure   Level  Hunger
 Static Discharge         Conj/Air       #.......     22%         3    ###....
 Airstrike                Air            ##........   45%         4    ####...
 Lightning Bolt           Conj/Air       #.........   91%         5    ######.


Dungeon Overview and Level Annotations

Branches:
Dungeon (5/15)
 Temple: D:4-7

Altars:


Innate Abilities, Weirdness & Mutations

You cannot wear boots.
Your serpentine skin is tough. (AC +1)
You have supernaturally acute eyesight. (SInv)
Armour fits poorly on your strangely shaped body.
Your system is resistant to poisons. (rPois)
You cover ground very slowly.
You have a slow metabolism.
You can spit poison.


Message History

* * * LOW HITPOINT WARNING * * *
Unknown command.
Casting: Shock (safe; 8% risk of failure)
Confirm with . or Enter, or press ? or * to list all spells.
Aiming: Shock (safe; 8% risk of failure)
Press: ? - help, Shift-Dir - straight line, f/p - hound
Aim: a hound (severely wounded)
The zap misses the hound.
The zap hits the hound.
The hound is severely wounded.
The hound bites you.
* * * LOW HITPOINT WARNING * * *
You aren't carrying any potions.
Unknown command.
You aren't carrying any scrolls.
Unknown command.
Press: ? - help, Shift-Dir - straight line, f/p - hound
Aim: a hound (severely wounded)
The splash of poison misses the hound.
You feel slightly more hungry. The hound barely misses you.
The hound bites you.
You die...

##......#.###.##..#.....
###................# .....
#.....#.####....##.##....
#...###...####.........# #
...## #....##...#..#...#.#
.... ......#.............
#... ....................
......................(...
..###...........@h..##....
.. .....#####.......# ...
#............
...............
##..............
#..............
#..##........... ...
...[.......


You could see a hound.

Vanquished Creatures
  A hound skeleton (D:4)
  2 adders (D:3)
  A leopard gecko (D:3)
  An orc (D:3)
  2 hobgoblins (D:3)
  2 jackals (D:3)
  A quokka (D:4)
  A bat (D:3)
  2 kobolds
  3 rats
16 creatures vanquished.

Notes
Turn   | Place    | Note
-------+----------+-------------------------------------------
     0 | D:1      | Lavandula the Naga Air Elementalist began the quest for the
                  | Orb.
     0 | D:1      | Reached XP level 1. HP: 15/15 MP: 3/3
    37 | D:1      | hm
   209 | D:3      | Reached XP level 2. HP: 10/22 MP: 0/5
   401 | D:3      | Reached XP level 3. HP: 5/28 MP: 3/7
   405 | D:3      | Learned a level 2 spell: Swiftness
   481 | D:5      | Entered Level 5 of the Dungeon
   573 | D:4      | Slain by a hound

Vault maps used:
D:1:      dpeg_arrival_round_c
D:2:      lemuel_round_altar
D:3:      minmay_spotlight
D:4:      minmay_clustersquares, kennysheep_mini_moat, kennysheep_little_box,
          first_ration
D:5:      lemuel_round_altar, okawaru_ov_weapons_minmay, serial_shops,
          kennysheep_mini, minivault_23, abandoned_shop

Skill      XL: |  1  2 |
---------------+-------+-----
Spellcasting   | 3 |  3.6
Dodging        | |  1.5
Stealth        | |  3.0
Conjurations   | |  1.0
Air Magic      | |  3.0

Action                   || total
-------------------------++-------
Melee: Flail             ||     2
 Cast: Shock             ||    29
 Abil: Spit Poison       ||    16
  Use: Scroll            ||     2
Armor: Robe              ||     3
Dodge: Dodged            ||    14

Table legend:
 A = Non-vault XP
 B = Vault XP
 C = Vault XP percentage of total XP
 D = Non-vault monster count
 E = Vault monster count
 F = Vault count percentage of total count
                 A         B        C        D         E       F
            +---------+---------+-------+---------+---------+-------
      Total |      66 |       0 |   0.0 |      16 |       0 |   0.0
            +---------+---------+-------+---------+---------+-------
        D:1 |       1 |       0 |   0.0 |       1 |       0 |   0.0
        D:2 |       1 |       0 |   0.0 |       1 |       0 |   0.0
        D:3 |      44 |       0 |   0.0 |      12 |       0 |   0.0
        D:4 |      20 |       0 |   0.0 |       2 |       0 |   0.0
            +---------+---------+-------+---------+---------+-------
